 Dungeon Crawl Stone Soup version 0.21-a0-143-g1ab7d47 (webtiles) character file.

348 nubinia the Stinger (level 6, -3/33 HPs)
             Began as a Gargoyle Venom Mage on July 25, 2017.
             Killed by divine providence
             ... invoked by an orc priest
              (12 damage)
             ... on level 4 of the Dungeon.
             The game lasted 00:15:00 (4933 turns).

nubinia the Stinger (Gargoyle Venom Mage)           Turns: 4933, Time: 00:15:01

Health: -3/33      AC:  7    Str: 12    XL:     6   Next: 60%
Magic:  8/11       EV: 12    Int: 17    God:
Gold:   96         SH:  0    Dex: 10    Spells: 6/12 levels left

rFire    . . .     SeeInvis .   j - +0 mace
rCold    . . .     Gourm    .   (no shield)
rNeg     + . .     Faith    .   a - +0 robe
rPois    ∞         Spirit   .   s - +0 helmet
rElec    +         Reflect  .   (no cloak)
rCorr    .         Harm     .   (no gloves)
MR       .....                  (no boots)
Stlth    ++........             (no amulet)
HPRegen  0.11/turn              (no ring)
MPRegen  0.12/turn              (no ring)

@: no status effects
A: negative energy resistance 1, electricity resistance, unbreathing,
petrification resistance, rot immunity, AC +4
a: no special abilities


You were on level 4 of the Dungeon.
You were hungry.

You visited 1 branch of the dungeon, and saw 4 of its levels.

You collected 256 gold pieces.
You spent 160 gold pieces at shops.

Inventory:

Hand Weapons
 f - a +0 club
 j - a +0 mace (weapon)
Armour
 a - a +0 robe (worn)
 s - a +0 helmet (worn)
Scrolls
 h - a scroll of enchant weapon {unknown}
 i - a scroll of fog {unknown}
 l - a scroll of noise {unknown}
 n - a scroll of amnesia {unknown}
 r - a scroll of identify
 t - a scroll of immolation {unknown}
 u - 2 scrolls of fear
 v - a scroll of teleportation
 w - a scroll of magic mapping
Potions
 d - a potion of resistance {unknown}
 e - a potion of invisibility {unknown}
 k - a potion of curing {unknown}
 m - a potion of degeneration {unknown}
 o - a potion of magic
 p - a potion of lignification {unknown}
 q - a potion of might
 x - a potion of mutation
 z - a potion of heal wounds
 A - a potion of flight
 B - a potion of agility {unknown}
Books
 b - a Young Poisoner's Handbook

   Spells                             Type                      Level
   a - Sting                          Conjuration/Poison           1
   b - Poisonous Vapours              Poison/Air                   2
   c - Mephitic Cloud                 Conjuration/Poison/Air       3
   d - Olgreb's Toxic Radiance        Poison                       4
   e - Venom Bolt                     Conjuration/Poison           5
Comestibles
 c - 2 bread rations
 g - 3 royal jellies


   Skills:
 + Level 0.9 Fighting
 + Level 1.8 Maces & Flails
 + Level 1.9 Dodging
 + Level 3.2 Stealth
 + Level 3.7 Spellcasting
 + Level 1.4 Conjurations
 - Level 1.0 Air Magic
 + Level 4.7 Poison Magic


You had 6 spell levels left.
You knew the following spells:

 Your Spells              Type           Power        Failure   Level  Hunger
a - Sting                 Conj/Pois      ##..         4%          1    None
b - Poisonous Vapours     Pois/Air       ##....       8%          2    ##.....
c - Mephitic Cloud        Conj/Pois/Air  ##......     19%         3    ###....


Dungeon Overview and Level Annotations

Branches:
Dungeon (4/15)
 Temple: D:4-7

Altars:
Trog

Shops:
D:4 !

Annotations:
D:4 grindst0ne's ghost, amateur HOAK


Innate Abilities, Weirdness & Mutations

You are resistant to torment.
Your stone body is resilient. (AC +4)
You are immune to poison.
You resist negative energy. (rN+)
You are resistant to electric shocks. (rElec)
You can survive without breathing.
You are immune to petrification.
You are immune to rotting.


Message History

The orc priest is poisoned.
The orc priest calls down the wrath of Beogh upon you.
Beogh smites you!
The orc priest invokes the aid of Beogh against you.
Beogh smites you!
* * * LOW HITPOINT WARNING * * *
Unknown command.
Unknown command.
Unknown command.
Casting: Poisonous Vapours
Confirm with . or Enter, or press ? or * to list all spells.
Aiming: Poisonous Vapours
Press: ? - help, Dir - move target cursor, f/p - orc priest
Aim: an orc priest, wielding a whip (severely wounded) Poisonous vapours surround the orc priest!
You are feeling hungry.
The orc priest is poisoned.
The orc priest mumbles some strange prayers to Beogh against you.
Beogh smites you!
You die...

##.#.#[######.# #..#
.....#........###.##
##.##.....o....o..#
#.##.#.########.##
#.##.#(# #.#
#..,.o.* #.#
##.,...* #.# *..o..*
#.# *..?..* #@#
#.....* ####.#
******* #....#
#.#### ###### #.#
.....###### #.#
####......###.#
..##.##.......#
#.##.##.#.#####


You could see an orc priest.

Vanquished Creatures
  Sigmund (D:4)
  Natasha (thrice) (D:2)
  3 adders (D:2)
  An ooze (D:1)
  A dart slug (D:3)
  5 worms
  A leopard gecko (D:4)
  2 giant cockroaches (D:2)
  8 goblins
  12 hobgoblins
  3 quokkas
  A ball python (D:3)
  9 bats
  7 frilled lizards
  7 kobolds
  11 rats
75 creatures vanquished.

Vanquished Creatures (others)
  A ball python (D:1)
1 creature vanquished.

Grand Total: 76 creatures vanquished

Notes
Turn   | Place    | Note
-------+----------+-------------------------------------------
     0 | D:1      | nubinia the Gargoyle Venom Mage began the quest for the Orb.
     0 | D:1      | Reached XP level 1. HP: 10/10 MP: 3/3
   491 | D:1      | Reached XP level 2. HP: 10/15 MP: 5/5
   591 | D:1      | Learned a level 2 spell: Poisonous Vapours
  1608 | D:2      | Reached XP level 3. HP: 19/19 MP: 3/6
  2412 | D:2      | Reached XP level 4. HP: 16/24 MP: 0/7
  2598 | D:2      | Noticed Natasha
  2601 | D:2      | Killed Natasha
  2601 | D:2      | Reached skill level 1 in Air Magic
  2663 | D:2      | Learned a level 3 spell: Mephitic Cloud
  2981 | D:2      | Noticed Natasha
  2991 | D:2      | Killed Natasha
  2991 | D:2      | Reached skill level 1 in Maces & Flails
  2991 | D:2      | Reached XP level 5. HP: 17/28 MP: 1/9
  3182 | D:2      | Noticed Natasha
  3183 | D:2      | Killed Natasha
  3183 | D:2      | Reached skill level 4 in Poison Magic
  4292 | D:3      | Found a bloodstained altar of Trog.
  4370 | D:4      | Found Akhing's Distillery.
  4378 | D:4      | Bought a potion of mutation for 80 gold pieces
  4378 | D:4      | Bought a potion of heal wounds for 50 gold pieces
  4378 | D:4      | Bought a potion of flight for 30 gold pieces
  4386 | D:4      | Noticed Sigmund
  4404 | D:4      | Killed Sigmund
  4404 | D:4      | Reached XP level 6. HP: 33/33 MP: 0/11
  4791 | D:4      | Noticed grindst0ne's ghost (amateur HOAK)
  4933 | D:4      | Killed from afar by an orc priest

Vault maps used:
D:1:      shiori_arrival_elements
D:2:      uniq_natasha
D:3:      lightli_temple_of_fire, minmay_item_behind_shaft
D:4:      serial_forest, infiniplex_forest_clump_long,
          infiniplex_forest_clump_C, infiniplex_forest_clump_cross,
          infiniplex_forest_clump_medium, infiniplex_forest_clump_C,
          infiniplex_forest_clump_curved, infiniplex_forest_lined_room_3,
          infiniplex_forest_fountain, serial_shops, nicolae_shop_crystal,
          uniq_sigmund

Skill      XL: |  1  2  3  4  5 |
---------------+----------------+-----
Air Magic      | 1 |  1.0
Maces & Flails | 1 |  1.8
Spellcasting   | 3 |  3.7
Poison Magic   | 4 |  4.7
Stealth        | 3 |  3.2
Fighting       | |  0.9
Dodging        | |  1.9
Conjurations   | |  1.4

Action                   |  1- 3 |  4- 6 || total
-------------------------+-------+-------++-------
Melee: Club              |    31 |       ||    31
       Unarmed           |     2 |       ||     2
       Mace              |    22 |    43 ||    65
 Cast: Sting             |    42 |    19 ||    61
       Poisonous Vapours |    14 |    34 ||    48
       Mephitic Cloud    |       |     1 ||     1
  Use: Potion            |     1 |     1 ||     2
       Scroll            |       |     4 ||     4
 Stab: Sleeping          |     2 |     1 ||     3
  Eat: Chunk             |     6 |    10 ||    16
Armor: Robe              |    18 |     8 ||    26
Dodge: Dodged            |    43 |    23 ||    66
